 Dungeon Crawl Stone Soup version 0.29.1-2-gbd0b4ee654 (webtiles) character file.

Game seed: 1158983538176490033

919 funnyparkerb the Cutter (level 8, 0/42 HPs)
             Began as a Vine Stalker Brigand on Oct 31, 2022.
             Succumbed to a water moccasin's poison
             ... on level 5 of the Dungeon.
             The game lasted 00:08:22 (4109 turns).

funnyparkerb the Cutter (Vine Stalker Brigand)      Turns: 4109, Time: 00:08:23

Health: 0/42       AC: 12    Str: 18 (19) XL:     8   Next: 9%
Magic:  9/9        EV: 10    Int:  9 (10) God:
Gold:   239        SH:  0    Dex: 14 (16) Spells: 7/7 levels left

rFire   . . .      SeeInvis .   a - +2 dagger
rCold   . . .      Faith    .   (no shield)
rNeg    + . .      Spirit   +   o - +0 scale mail
rPois   .          Reflect  .   (no helmet)
rElec   .          Harm     .   m - +2 cloak
rCorr   .          Rampage  .   (no gloves)
Will    +....                   r - +0 pair of boots
Stlth   +.........              (no amulet)
HPRegen 0.94/turn               x - ring of positive energy
MPRegen 0.11/turn               (no ring)

@: lethally poisoned (0 -> -1), on berserk cooldown, studying Long Blades
A: fangs 3, regeneration 1, magic shield, antimagic bite, no potion heal 2,
claws 1, iridescent scales 1, strong 1, MP-powered wands
a: no special abilities


You were on level 5 of the Dungeon.
You visited 1 branch of the dungeon, and saw 5 of its levels.

You collected 239 gold pieces.

Inventory:

Hand Weapons
 a - a +2 dagger (weapon)
 t - a +0 rapier
Missiles
 d - 16 poisoned darts (quivered)
 e - 3 curare-tipped darts
 n - 2 throwing nets
Armour
 m - a +2 cloak (worn)
 o - a +0 scale mail (worn)
 r - a +0 pair of boots (worn)
Jewellery
 x - a ring of positive energy (left claw)
Wands
 w - a wand of iceblast (1)
Scrolls
 f - a scroll of poison {unknown}
 g - 4 scrolls of identify {unknown}
 h - 3 scrolls of teleportation {unknown}
 i - 2 scrolls of enchant armour {unknown}
 k - a scroll of blinking {unknown}
 l - a scroll of butterflies {unknown}
 p - 2 scrolls of magic mapping {unknown}
 q - a scroll of fear {unknown}
 y - a scroll of torment {unknown}
 A - a scroll of brand weapon {unknown}
 B - a scroll of silence {unknown}
 C - a scroll of noise {unknown}
Potions
 b - a potion of curing {unknown}
 c - a potion of mutation
 j - a potion of degeneration
 u - a potion of attraction
 z - a potion of might {unknown}


   Skills:
 + Level 4.5 Fighting
 * Level 6.3 Short Blades
 - Level 1.7 Throwing
 - Level 3.0 Dodging
 - Level 4.8 Stealth


You had 7 spell levels left.
You didn't know any spells.
Your spell library was empty.

Dungeon Overview and Level Annotations

Branches:
Dungeon (5/15)
 Temple: D:4-7

Altars:
Gozag

Shops:
D:3 (   D:5 (

Annotations:
D:4 2 transporters, angelusfrater's ghost, novice OpCj


Innate Abilities, Weirdness & Mutations

You have razor-sharp teeth.
Your natural rate of healing is unusually fast.
When hurt, damage is shared between your health and your magic reserves.
Your bite disrupts and absorbs the magic of your enemies.
Potions cannot restore your health.
You have sharp fingernails.
You are partially covered in iridescent scales. (AC +2)
Your muscles are strong. (Str +4, Int/Dex -1)
You expend magic power (3 MP) to strengthen your wands.


Message History

* * * LOW HITPOINT WARNING * * *
You feel very sick.
You have reached level 8!
You feel stronger.
Your teeth grow very long and razor-sharp.
There is a lethal amount of poison in your body!
It was a potion of degeneration.
There was something very wrong with that liquid.
You feel weakened.
You feel dopey.
You feel clumsy.
* * * LOW HITPOINT WARNING * * *
You feel very sick.
It was a potion of mutation.
You feel extremely strange.
Iridescent scales grow over part of your body.
You feel stronger.
You feel your magical essence link to the dungeon's wands.
Your fingernails lengthen.
* * * LOW HITPOINT WARNING * * *
You feel very sick.
It was a potion of berserk rage.
A red film seems to cover your vision as you go berserk!
You feel yourself moving faster!
You feel mighty!
* * * LOW HITPOINT WARNING * * *
You feel sick.
You are too berserk!
You feel a strong urge to attack something.
* * * LOW HITPOINT WARNING * * *
You feel sick.
* * * LOW HITPOINT WARNING * * *
You feel sick.
You feel your anger nearly subside.
You are no longer berserk.
You are exhausted.
You feel yourself slow down.
* * * LOW HITPOINT WARNING * * *
You feel sick.
It was a potion of cancellation.
Your magical effects are unravelling.
You feel magically purged.
You feel yourself speed up.
You die...

###########
.......@..#
#########.#
#.# ##.###.#
#.# ###
#>.....# #.#
..# #..###.#
##.# #.#
#..###.#
#..###### #.#
#))....# ###
##...##..###.#
#)####.#
####..


There were no monsters in sight!

Vanquished Creatures
  A water moccasin (D:5)
  An ice beast (D:5)
  2 centaurs (D:5)
  A scorpion (D:5)
  A hound (D:4)
  A jelly (D:4)
  An orc priest (D:5)
  Terence (D:3)
  Jessica (D:2)
  Natasha (thrice) (D:2)
  2 orc wizards (D:5)
  2 iguanas (D:5)
  3 gnolls (D:5)
  6 adders
  2 dart slugs
  11 orcs
  6 bats
  4 endoplasms
  5 giant cockroaches
  11 goblins
  7 hobgoblins
  13 jackals
  7 kobolds
  6 quokkas
  5 ball pythons
  2 frilled lizards (D:1)
  7 rats
112 creatures vanquished.

Notes
Turn   | Place    | Note
-------+----------+-------------------------------------------
     0 | D:1      | funnyparkerb the Vine Stalker Brigand began the quest for
                  | the Orb.
     0 | D:1      | Reached XP level 1. HP: 11/11 MP: 2/2
    48 | D:1      | Reached skill level 2 in Short Blades
   124 | D:1      | Reached skill level 1 in Dodging
   131 | D:1      | Reached XP level 2. HP: 10/15 MP: 3/3
   246 | D:1      | Found a faded altar of an unknown god.
   284 | D:1      | You fall into a shaft and drop 1 floor!
   667 | D:1      | Reached XP level 3. HP: 14/18 MP: 4/4
  1356 | D:2      | Noticed Natasha
  1373 | D:2      | Killed Natasha
  1374 | D:2      | Reached skill level 3 in Short Blades
  1374 | D:2      | Gained mutation: Your natural rate of healing is unusually
                  | fast. [Vine Stalker growth]
  1374 | D:2      | Reached XP level 4. HP: 7/23 MP: 2/5
  1474 | D:2      | Noticed Natasha
  1482 | D:2      | Killed Natasha
  1533 | D:2      | Noticed Natasha
  1540 | D:2      | Killed Natasha
  1541 | D:2      | Reached XP level 5. HP: 24/27 MP: 4/6
  1718 | D:2      | Noticed Jessica
  1733 | D:2      | Killed Jessica
  1942 | D:3      | Noticed Terence
  1953 | D:3      | Killed Terence
  1954 | D:3      | Reached skill level 4 in Short Blades
  2020 | D:3      | Found Ygawuosm's Antique Weapon Shoppe.
  2211 | D:3      | Reached XP level 6. HP: 32/32 MP: 7/7
  2470 | D:4      | Found an opulent altar of Gozag.
  2782 | D:4      | Found a transporter.
  2817 | D:4      | Found a transporter.
  2824 | D:4      | Noticed angelusfrater's ghost (novice OpCj)
  3231 | D:5      | Entered Level 5 of the Dungeon
  3446 | D:5      | Reached XP level 7. HP: 36/36 MP: 6/8
  3491 | D:5      | Reached skill level 5 in Short Blades
  3978 | D:5      | Found Esymeqit's Weapon Emporium.
  4070 | D:5      | Reached skill level 6 in Short Blades
  4102 | D:5      | Gained mutation: You have razor-sharp teeth. [Vine Stalker
                  | growth]
  4102 | D:5      | Reached XP level 8. HP: 7/42 MP: 9/9
  4103 | D:5      | Gained mutation: You are partially covered in iridescent
                  | scales. (AC +2) [potion of mutation]
  4103 | D:5      | Gained mutation: Your muscles are strong. (Str +4, Int/Dex
                  | -1) [potion of mutation]
  4103 | D:5      | Gained mutation: You expend magic power (3 MP) to
                  | strengthen your wands. [potion of mutation]
  4103 | D:5      | Gained mutation: You have sharp fingernails. [potion of
                  | mutation]
  4103 | D:5      | HP: 2/42 [poisoned by a water moccasin]
  4108 | D:5      | HP: 1/42 [poisoned by a water moccasin]
  4109 | D:5      | Succumbed to a water moccasin's poison

Illustrated notes

Levels and vault maps discovered:
D:1:      tarquinn_simple_flora_water_b, layout_loops_ring,
          chequers_ecumenical_altar_simple, minmay_hexomino_u4
D:2:      kennysheep_the_goblin_king, layout_rooms, dreamdust_mushroom_princess,
          uniq_jessica, uniq_natasha
D:3:      layout_rooms, serial_shops, shop, grunt_ministairs_15,
          chequers_hall_statues_y, uniq_terence
D:4:      layout_gridville, nicolae_gozag_seed_capital, gammafunk_ghost_arena
D:5:      layout_loops_ring, minitemple, serial_shops,
          nicolae_shop_bloodbath_and_beyond, minmay_manual_mares

Skill      XL: |  1  2  3  4  5  6  7 |
---------------+----------------------+-----
Short Blades   | 2 3 4 6 |  6.3
Dodging        | 1 2 3 |  3.0
Fighting       | 2 3 4 |  4.5
Throwing       | |  1.7
Stealth        | |  4.8

Action                   |  1- 3 |  4- 6 |  7- 9 || total
-------------------------+-------+-------+-------++-------
Melee: Dagger            |   105 |   186 |   155 ||   446
       Bite              |    27 |    47 |    39 ||   113
       Punch             |       |     3 |     4 ||     7
Throw: Dart              |       |    21 |     3 ||    24
Evoke: Wand              |       |     1 |       ||     1
  Use: Potion            |     2 |       |     4 ||     6
 Stab: Sleeping          |     9 |     6 |       ||    15
       Distracted        |       |     1 |       ||     1
Armor: Robe              |    27 |       |       ||    27
       Scale mail        |     3 |    78 |    53 ||   134
Dodge: Dodged            |    59 |    83 |    48 ||   190
